 Dungeon Crawl Stone Soup version 0.30-a0-1043-g60ff8d5f49 (webtiles) character file.

Game seed: 11918286499614017071

124 NateTC the Trooper (level 5, -7/42 (44) HPs)
             Began as a Formicid Fighter on Apr 10, 2023.
             Killed by divine providence
             ... invoked by an orc priest
              (9 damage)
             ... on level 7 of the Dungeon.
             The game lasted 00:04:42 (2480 turns).

NateTC the Trooper (Formicid Fighter)               Turns: 2480, Time: 00:04:42

HP:   -7/42 (44)    AC:  9    Str: 22    XL:     5   Next: 30%
MP:   5/5           EV:  8    Int:  8    God:
Gold: 162           SH:  6    Dex: 13    Spells: 4/4 levels left

rFire   . . .      SeeInvis +    a - +0 long sword
rCold   + . .      Faith    .    c - +1 buckler
rNeg    . . .      Spirit   .    m - +0 chain mail
rPois   .          Reflect  .    (helmet unavailable)
rElec   .          Rampage  .    (no cloak)
rCorr   .                        (no gloves)
Will    .....                    (no boots) Stlth
                                 (no amulet)
HPRegen 0.27/turn                i - ring of protection from cold
MPRegen 0.09/turn                (no ring)

@: lightly drained
A: permanent stasis, dig shafts and tunnels, antennae 3, four strong arms
a: Dig, Shaft Self


You were on level 7 of the Dungeon.
You visited 1 branch of the dungeon, and saw 8 of its levels.

You collected 162 gold pieces.

Inventory:

Hand Weapons
 a - a +0 long sword (weapon)
Missiles
 g - 2 throwing nets
Armour
 c - a +1 buckler (worn)
 m - a +0 chain mail (worn)
Jewellery
 i - a ring of protection from cold (left hand)
Wands
 e - a wand of flame (23)
 k - a wand of polymorph (13)
Scrolls
 b - a scroll of fear {unknown}
 f - a scroll of amnesia
 j - a scroll of poison {unknown}
 l - a scroll of torment {unknown}
Potions
 h - a potion of lignification {unknown}
 n - a potion of curing {unknown}


   Skills:
 - Level 5.0 Fighting
 - Level 2.7 Long Blades
 * Level 3.9 Armour
 - Level 4.6 Shields


You had 4 spell levels left.
You didn't know any spells.
Your spell library contained the following spells:

 Spells                   Type           Power      Damage    Failure   Level
 Slow                     Hex            0%         N/A       98%         1
 Confusing Touch          Hex            0%         N/A       100%        3
 Vampiric Draining        Necr           0%         2d6       100%        3


Dungeon Overview and Level Annotations

Branches:
Dungeon (9/15) Zot: 26955
 Temple: D:4-7         Lair: D:8-11         Orc: D:9-12

Altars:

Shops:
D:1 *   D:4 (

Annotations:
D:3 2 transporters, Nabski's ghost, amateur TeFE
D:8 Maurice


Innate Abilities, Weirdness & Mutations

You cannot be hasted, slowed, berserked, paralysed or teleported.
You can dig through walls and to a lower floor.
You have a pair of large antennae on your head. (SInv)
Your four strong arms can wield two-handed weapons with a shield.


Message History

You start resting.
An orc wizard comes into view. It is wielding a +3 dagger.
An orc wizard is nearby!
A sky beast comes into view.
The orc wizard mumbles some strange words.
The orc wizard flickers and vanishes for a moment.
The sky beast moves out of view.
You hear a shout!
The orc wizard gestures at you while chanting.
You resist with some effort.
You see here a book of Blasting.
The orc wizard casts a spell at you.
You are confused.
The sky beast flickers out of sight for a moment.
You bump into the rock wall.
You bump into the rock wall. 2 orc priests come into view.
An orc priest is wielding a +1 heavy trident and wearing a +0 leather armour of fire resistance.
The orc priest shouts! x2
The orc wizard hits you with a +3 dagger!
* * * LOW HITPOINT WARNING * * *
You feel less confused.
You slash the orc wizard!
The orc wizard is heavily wounded.
You block the orc wizard's attack. The sky beast barely misses you.
The orc wizard hits you with a +3 dagger.
* * * LOW HITPOINT WARNING * * *
The orc wizard attacks as you move away!
The orc wizard completely misses you. The sky beast attacks as you move away!
The sky beast hits you.
* * * LOW HITPOINT WARNING * * *
The sky beast shocks you.
* * * LOW HITPOINT WARNING * * *
The orc priest looks encouraged for a moment.
Are you sure you want to shaft yourself? [Y]es or [N]o only, please.
Are you sure you want to shaft yourself?
The orc priest invokes the aid of Beogh against you.
Beogh smites you!
You die...

#. §.≈ ##.
§...
..#####...
##........
#.......####
#........... {
#.......#
#...@...#
#.###Y#.#
#...o...#
#####o#####
#....:..######
#.#o###.....>#
#.#.# #......#
. #..^.......#
##
#..##......#


You could see a sky beast (invisible), an orc priest and an orc wizard
(invisible).

Vanquished Creatures
  3 adders
  2 worms (D:2)
  2 dart slugs
  8 orcs
  5 endoplasms
  2 giant cockroaches
  3 hobgoblins
  5 jackals
  6 kobolds
  3 quokkas
  9 ball pythons
  5 bats
  3 frilled lizards
  11 goblins
  5 rats
72 creatures vanquished.

Notes
Turn   | Place    | Note
-------+----------+-------------------------------------------
     0 | D:1      | NateTC the Formicid Fighter began the quest for the Orb.
     0 | D:1      | Reached XP level 1. HP: 18/18 MP: 1/1
   128 | D:1      | Reached XP level 2. HP: 19/25 MP: 2/2
   159 | D:1      | Found Zalayhiq's Assorted Antiques.
   308 | D:1      | Reached skill level 4 in Fighting
   421 | D:1      | Reached XP level 3. HP: 30/30 MP: 3/3
   916 | D:2      | Reached XP level 4. HP: 34/38 MP: 4/4
  1009 | D:2      | Found a faded altar of an unknown god.
  1280 | D:2      | Found the +6 shillelagh "Devastator" {shatter}
  1593 | D:3      | Reached skill level 5 in Fighting
  1732 | D:3      | Reached XP level 5. HP: 41/44 MP: 5/5
  2026 | D:3      | Found a transporter.
  2029 | D:3      | Noticed Nabski's ghost (amateur TeFE)
  2030 | D:3      | Found a transporter.
  2171 | D:4      | Found Nuirpheg's Antique Weapon Shop.
  2242 | D:4      | You fall into a shaft and drop 2 floors!
  2242 | D:6      | You fall into a shaft and drop 3 floors!
  2397 | D:9      | Noticed an orc warrior
  2415 | D:8      | Noticed Maurice
  2416 | D:8      | Noticed an acid dragon
  2464 | D:7      | Noticed a sky beast
  2479 | D:7      | HP: 1/42 [sky beast (5)]
  2480 | D:7      | Killed from afar by an orc priest

Illustrated notes

Levels and vault maps discovered:
D:1:      kennysheep_arrival_seaside, layout_basic, serial_shops,
          nicolae_shop_crystal, serial_glass, glass_columns_a, glass_columns_b
D:2:      layout_basic, ebering_ecumenical_altar_webs, st_stairs_14,
          kennysheep_generic_room_11
D:3:      layout_basic, gammafunk_ghost_mausoleum, minmay_misc_feat_diagonals
D:4:      layout_cave_pods, serial_shops, nicolae_diamond_shop,
          nicolae_shop_hallway_stairs, shop, nicolae_shop_stone, shop
D:6:      layout_rooms, minitemple, minmay_temple_entry_nine_rooms,
          hangedman_abyss_or_decor_stagger, uniq_duvessa, uniq_grinder,
          uniq_maggie
D:7:      layout_loops_cross, nicolae_qazlal_general_emergency
D:8:      layout_loops_ring, lair_entry_dummy, uniq_maurice
D:9:      layout_roguey, tso_oasis_becter, orc_0_dummy, serial_shops, shop,
          enter_bailey_7

Skill      XL: |  1  2  3  4 |
---------------+-------------+-----
Fighting       | 4 5 |  5.0
Long Blades    | |  2.7
Armour         | |  3.9
Shields        | |  4.6

Action                     |  1- 3 |  4- 6 || total
---------------------------+-------+-------++-------
  Melee: Long sword        |   112 |   139 ||   251
Ability: Shaft Self        |       |     2 ||     2
         Dig               |       |     1 ||     1
    Use: Scroll            |     4 |       ||     4
 Armour: Scale mail        |    52 |    67 ||   119
         Chain mail        |       |     6 ||     6
  Dodge: Dodged            |    51 |    64 ||   115
  Block: Buckler           |    35 |    52 ||    87

Table legend: (Time is in decaauts)
 A = Elapsed time spent in this place.
 B = Non-inter-level travel time spent in this place.
 C = Inter-level travel time spent in this place.
 D = Time resting spent in this place.
 E = Time spent auto-exploring this place.
 F = Levels seen in this place.
 G = Mean time per level.
                   A        B        C        D        E       F      G
               +--------+--------+--------+--------+--------+-----+--------+
         Total |   2556 |   2437 |    119 |    193 |   1571 |   8 |  319.5 |
       Dungeon |   2556 |   2437 |    119 |    193 |   1571 |   8 |  319.5 |
               +--------+--------+--------+--------+--------+-----+--------+

Top non-repeatable levels by time:
     D:2: 825 daAuts
     D:1: 803 daAuts
     D:3: 615 daAuts
     D:9: 172 daAuts
     D:4: 74 daAuts
     D:7: 43 daAuts
     D:8: 22 daAuts
